 Dungeon Crawl Stone Soup version 0.31-a0-489-g282fc92437 (webtiles) character file.

Game seed: 7335394302532913057

157234 Ethylacetat the Polluter (level 17, 0/116 HPs)
             Began as an Octopode Venom Mage on Aug 8, 2023.
             Was an Initiate of Gozag.
             Slain by a +2 long sword of holy wrath (9 damage)
             ... on level 2 of the Elven Halls.
             The game lasted 02:22:06 (27547 turns).

Ethylacetat the Polluter (Octopode Venom Mage)     Turns: 27547, Time: 02:22:06

Health: 0/116      AC: 37    Str:  8      XL:     17   Next: 69%
Magic:  30/31      EV: 22    Int: 16 (17) God:    Gozag
Gold:   1394       SH: 20    Dex: 23      Spells: 30/37 levels left

rFire   . . .        n - +6 broad axe of the Traitor {drain, Fragile rPois Stlth+}
rCold   + . .        i - +2 kite shield
rNeg    + . .        N - +2 hat
rPois   ∞            C - amulet of reflection
rElec   +            f - ring of see invisible
rCorr   .            d - +4 ring of protection
SInv    +            x - +4 ring of protection
Will    ++...        z - ring of flight
Stlth   +++++++      A - ring of poison resistance
HPRegen 0.39/turn    D - +5 ring of evasion
MPRegen 0.22/turn    s - ring of willpower
                     K - ring "Zeepp" {rC+ Dex+3}

%: reflection
@: statue-form, flying, very slow
A: slow and powerful, torment resistance 1, reduced hp, almost no armour,
amphibious, 8 rings, camouflage 1, (gelatinous body 1), (nimble swimmer 1),
tentacles
a: Begin Untransformation, Renounce Religion, Potion Petition, Call Merchant,
Bribe Branch


You were on level 2 of the Elven Halls.
You worshipped Gozag.
Gozag was most pleased with you.
You were a living statue of rough stone.
You visited 5 branches of the dungeon, and saw 22 of its levels.
You also visited: Sewer and Gauntlet.

You collected 7281 gold pieces.
You spent 1562 gold pieces at shops.
You paid 4325 gold pieces to Gozag.

Inventory:

Hand Weapons
 n - the +6 broad axe of the Traitor (weapon) {drain, Fragile rPois Stlth+}
   (You bought it in a shop on level 2 of the Orcish Mines)

   rPois:     It protects you from poison.
   Fragile:   It will be destroyed if unequipped.
   Stlth:     It makes you more stealthy.
 J - a +6 morningstar of flaming
 Q - a +0 demon trident
Missiles
 P - 16 javelins (quivered)
Armour
 i - a +2 kite shield (worn)
 N - a +2 hat (worn)
Jewellery
 d - a +4 ring of protection (right tentacle)
 f - a ring of see invisible (left tentacle)
 s - a ring of willpower (on tentacle)
 x - a +4 ring of protection (on tentacle)
 z - a ring of flight (on tentacle)
 A - a ring of poison resistance (on tentacle)
 C - an amulet of reflection (around mantle)
 D - a +5 ring of evasion (on tentacle)
 K - the ring "Zeepp" (on tentacle) {rC+ Dex+3}
   (You bought it in a shop on level 1 of the Lair of Beasts)

   [ring of protection from cold]

   Dex:       It affects your dexterity (+3).
   rC:        It protects you from cold.
 T - a ring of protection from fire
 V - the ring of Secrets {rC- EV+5 Int+6 Slay+2}
   (You took it off a deep elf archer on level 1 of the Elven Halls)

   [ring of evasion]

   EV:        It affects your evasion (+5).
   Int:       It affects your intelligence (+6).
   Slay:      It affects your accuracy & damage with ranged weapons and melee
   (+2).
   rC:        It makes you vulnerable to cold.
Talismans
 G - a granite talisman (active)
Wands
 t - a wand of mindburst (18)
 v - a wand of acid (5)
 E - a wand of iceblast (8)
 F - a wand of polymorph (16)
 L - a wand of digging (15)
 O - a wand of flame (11)
 R - a wand of charming (7)
Scrolls
 g - 4 scrolls of teleportation
 h - 3 scrolls of poison
 l - 6 scrolls of amnesia
 m - 3 scrolls of fog
 p - 4 scrolls of fear
 q - 5 scrolls of enchant armour
 r - 3 scrolls of revelation
 u - 3 scrolls of enchant weapon
 w - 3 scrolls of identify
 y - 3 scrolls of immolation
 M - a scroll of brand weapon
 U - a scroll of silence {unknown}
Potions
 a - 2 potions of magic
 b - 2 potions of might
 c - 4 potions of mutation
 e - 8 potions of curing
 j - 2 potions of cancellation
 k - 3 potions of brilliance
 o - 3 potions of resistance
 B - 3 potions of enlightenment
 H - 3 potions of lignification
 I - 4 potions of attraction
Miscellaneous
 S - a phantom mirror


   Skills:
 + Level 10.8 Fighting
 * Level 8.1 Axes
 + Level 8.4 Dodging
 - Level 10.9 Stealth
 + Level 10.0 Shields
 + Level 10.8 Spellcasting
 + Level 3.7 Transmutations
 - Level 15.7 Poison Magic
 * Level 12.6 Shapeshifting


You had 30 spell levels left.
You knew the following spells:

 Your Spells              Type           Power      Damage    Failure   Level
a - Sting                 Tmut/Pois      100%       1d8       1%          1
b - Olgreb's Toxic Radia  Pois           56%        N/A       1%          4
c - Wereblood             Tmut           20%        N/A       9%          2

Your spell library contained the following spells:

 Spells                   Type           Power      Damage    Failure   Level
 Poisonous Vapours        Pois/Air       66%        N/A       1%          2
 Ignite Poison            Fire/Tmut/Pois 29%        N/A       6%          3
 Mephitic Cloud           Conj/Pois/Air  25%        N/A       10%         3
 Slow                     Hex            32%        N/A       28%         1
 Blink                    Tloc           16%        N/A       41%         2
 Confusing Touch          Hex            8%         N/A       65%         3
 Vampiric Draining        Necr           8%         2d6       65%         3
 Volatile Blastmotes      Fire/Tloc      16%        2d11      65%         3
 Fulminant Prism          Conj/Hex       4%         3d5       96%         4
 Iskenderun's Mystic Bla  Conj/Tloc      8%         2d4       96%         4
 Manifold Assault         Tloc           8%         N/A       96%         4
 Sticky Flame             Conj/Fire      8%         2d3       96%         4
 Iskenderun's Battlesphe  Conj           8%         2d6       100%        5
 Leda's Unmaking          Conj/Erth      4%         9d2       100%        6
 Haunt                    Necr/Summ      4%         N/A       100%        7
 Ozocubu's Refrigeration  Ice            4%         4d8       100%        7
 Spellforged Servitor     Conj/Summ      4%         N/A       100%        7
 Summon Hydra             Summ           4%         N/A       100%        7
 Ignition                 Fire           4%         3d4       100%        8
 Infestation              Necr           4%         N/A       100%        8
 Polar Vortex             Ice            4%         N/A       100%        9
 Sublimation of Blood     Necr           Unusable   N/A       N/A         2
 Animate Dead             Necr           Unusable   N/A       N/A         4
 Simulacrum               Ice/Necr       Unusable   N/A       N/A         6

Dungeon Overview and Level Annotations

Branches:
Dungeon (12/15)            Temple (1/1) D:5            Lair (5/5) D:8
  Swamp (0/4) Lair:2        Snake (0/4) Lair:2        Slime (0/5) Lair:4
    Orc (2/2) D:12            Elf (2/3) Orc:2         Sewer (visited)
Gauntlet (visited)

Altars:
Ashenzari
Cheibriados
Dithmenos
Elyvilon
Fedhas
Gozag
Hepliaklqana
Kikubaaqudgha
Makhleb
Nemelex Xobeh
Okawaru
Qazlal
Ru
Sif Muna
Trog
Uskayaw
Vehumet
Wu Jian
Xom
Yredelemnul
Zin
The Shining One
Jiyva

Shops:
D:4 !   D:6 *:   D:7 *   D:9 !   Orc:2 ((*?   Elf:1 [:(*[:   Lair:1 *=

Annotations:
D:4 2 runed translucent doors, bdfhjk's ghost, amateur DECj
Elf:1 2 transporters, tensugalgo's ghost, adept OgSh


Innate Abilities, Weirdness & Mutations

You are a living statue of rough stone.
Your actions are slow, but your melee attacks are powerful.
You are resistant to unholy torment.
Your maximum health is decreased, since you lack skill for your form.
You cannot wear most types of armour.
You are amphibious.
You can wear up to eight rings at the same time.
You are immune to poison.
Your skin changes colour to match your surroundings (Stealth+).
((Your rubbery body absorbs attacks. (AC +1, EV +1)))
((You are camouflaged when in or above water. (Stealth+)))
You have tentacles for arms and can constrict up to eight enemies at once.


Message History

The +2 long sword of holy wrath is distracted by your dazzling golden aura.
You see here 6 gold pieces.
You miss the +3 heavy halberd. Your grab misses the +3 heavy halberd.
You barely miss the +2 long sword of holy wrath.
The +2 long sword of holy wrath is no longer distracted by gold.
You block the +3 heavy halberd's attack.
You block the +2 long sword of holy wrath's attack.
The +2 long sword of holy wrath is distracted by your dazzling golden aura.
The +3 heavy halberd hits you!
* * * LOW HITPOINT WARNING * * *
You slash the +3 heavy halberd! You grab the +3 heavy halberd.
You tentacle-slap the +3 heavy halberd, but do no damage.
The +3 heavy halberd is heavily damaged.
You slash the +2 long sword of holy wrath!
The +2 long sword of holy wrath is no longer distracted by gold.
You constrict the +3 heavy halberd, but do no damage.
The +2 long sword of holy wrath hits you!
* * * LOW HITPOINT WARNING * * *
You block the +3 heavy halberd's attack.
The +2 long sword of holy wrath misses you.
The +3 heavy halberd completely misses you.
The +2 long sword of holy wrath hits you but does no damage.
You hit the +3 heavy halberd.
The +3 heavy halberd is heavily damaged.
You slash the +2 long sword of holy wrath!
You constrict the +3 heavy halberd!
The +2 long sword of holy wrath completely misses you.
The +3 heavy halberd hits you.
* * * LOW HITPOINT WARNING * * *
The +2 long sword of holy wrath hits you but does no damage.
You block the +2 long sword of holy wrath's attack.
You block the +3 heavy halberd's attack.
The +2 long sword of holy wrath hits you!
* * * LOW HITPOINT WARNING * * *
You release your grip on the +3 heavy halberd.
The +3 heavy halberd attacks as you move away!
The +3 heavy halberd completely misses you.
The +2 long sword of holy wrath hits you!
You die...
Your body crumbles into a pile of gold.

##.##
##...###....
##...##
##...#..^...
#.....##
##..........
.......##
##...........
........#
#............
...<...##
##...........
#.....##
##.........#
'#...##
##($(......#
###.##
##.8......$..
# ###
#............
##...........
##..........
#...##.$...
...## ##...
...## #..
#.... .. #...


You could see 2 dancing weapons.

Vanquished Creatures
  Norris (Elf:1)
  Jorgrun (Elf:1)
  A deep elf sorcerer (Elf:2)
  A deep elf elementalist (Elf:2)
  A deep elf demonologist (Elf:1)
  A minotaur (Gauntlet)
  A deep elf death mage (Elf:1)
  An ettin (Orc:2)
  A deep elf high priest (Elf:1)
  7 hydras
  4 boulder beetles
  5 two-headed ogres
  A death scarab (Gauntlet)
  13 dancing weapons
  9 death yaks (Lair:5)
  Urug (Lair:1)
  An orc high priest (Orc:1)
  Nergalle (Lair:3)
  6 skysharks
  5 deep elf knights
  A fire crab (Gauntlet)
  A death drake (Gauntlet)
  5 deep elf archers
  15 deep elf zephyrmancers
  13 deep elf pyromancers
  3 orc knights
  5 orc sorcerers
  2 ugly things
  4 manticores
  A cyclops (D:7)
  6 elephants (Lair:5)
  2 black mambas
  Maurice (D:8)
  A centaur zombie (Gauntlet)
  Joseph (D:8)
  2 torpor snails (Lair:5)
  A gargoyle (D:12)
  18 cane toads
  3 rime drakes
  3 unseen horrors
  7 komodo dragons
  A yaktaur (shapeshifter) (Elf:1)
  A spectral harpy (Gauntlet)
  11 polar bears
  A hornet (D:9)
  A polar bear (shapeshifter) (D:12)
  A tyrant leech (Lair:2)
  A tarantella (shapeshifter) (Elf:2)
  A troll (D:9)
  Prince Ribbit (D:7)
  2 raiju (Lair:5)
  17 blink frogs
  A dream sheep (Lair:5)
  3 air elementals (Elf:2)
  58 yaks
  Sigmund (D:6)
  3 shadows
  A water elemental (Elf:2)
  A wraith (D:10)
  2 basilisks
  3 wyverns
  4 fire bats (Gauntlet)
  A steam dragon (D:7)
  Grum (D:8)
  7 vampire mosquitoes
  A swamp worm (Lair:2)
  A spectral cane toad (Gauntlet)
  3 nagas (Lair:2)
  6 wargs (Lair:5)
  An acid dragon (D:7)
  13 water moccasins
  13 hell hounds (Lair:5)
  34 orc warriors
  A sky beast (D:8)
  13 black bears
  8 ogres
  25 wolves
  3 phantoms
  13 centaurs
  4 kobold brigands
  14 bullfrogs
  3 gnoll sergeants
  An earth elemental (Elf:2)
  4 scorpions
  8 wights
  A troll zombie (D:12)
  5 electric eels
  4 howler monkeys
  A quasit (D:6)
  14 orc priests
  Crazy Yiuf (D:7)
  3 hounds
  19 orc wizards
  A sleepcap (D:6)
  4 iguanas
  7 ogre zombies (D:12)
  13 gnolls
  15 adders
  A river rat (D:3)
  2 shadow imps
  4 white imps
  An ufetubus (D:6)
  A worm (D:2)
  75 orcs
  4 bats
  9 endoplasms
  2 giant cockroaches
  4 hobgoblins
  8 jackals (D:1)
  2 quokkas
  7 ball pythons
  6 frilled lizards
  12 goblins
  2 goblin skeletons (D:12)
  3 goblin zombies (D:12)
  2 hobgoblin skeletons (D:12)
  4 hobgoblin zombies (D:12)
  22 kobolds
  14 orc zombies (D:12)
  15 rats
738 creatures vanquished.

Vanquished Creatures (collateral kills)
  4 wights (D:7)
4 creatures vanquished.

Vanquished Creatures (others)
  The ghost of Morbidden the Grappler, a journeyman VSSh of Vehumet (Lair:5)
  A two-headed ogre (D:7)
  2 deep elf knights (Elf:1)
  A cane toad (Lair:5)
  A water moccasin (Lair:5)
  3 wights (D:8)
  A hound (D:7)
10 creatures vanquished.

Grand Total: 752 creatures vanquished

Notes
Turn   | Place    | Note
-------+----------+-------------------------------------------
     0 | D:1      | Ethylacetat the Octopode Venom Mage began the quest for the
                  | Orb.
     0 | D:1      | Reached XP level 1. HP: 11/11 MP: 3/3
   179 | D:1      | Reached XP level 2. HP: 7/18 MP: 0/5
   403 | D:1      | Reached skill level 1 in Fighting
   497 | D:1      | Reached skill level 4 in Poison Magic
   619 | D:1      | Reached XP level 3. HP: 22/23 MP: 0/6
   795 | D:1      | Found a faded altar of an unknown god.
  1293 | D:2      | Reached XP level 4. HP: 29/29 MP: 4/8
  2177 | D:3      | Found a glowing drain.
  2184 | Sewer    | Entered a sewer
  2187 | Sewer    | Noticed a kobold brigand
  2195 | Sewer    | Reached XP level 5. HP: 27/35 MP: 4/9
  2202 | Sewer    | Killed a kobold brigand
  2203 | Sewer    | Reached skill level 5 in Poison Magic
  2530 | Sewer    | Reached XP level 6. HP: 39/41 MP: 11/11
  2579 | Sewer    | Reached skill level 6 in Poison Magic
  2912 | D:3      | Learned a level 4 spell: Olgreb's Toxic Radiance
  3615 | D:4      | Reached XP level 7. HP: 45/46 MP: 7/12
  3869 | D:4      | Reached skill level 7 in Poison Magic
  4076 | D:4      | Found Poic's Distillery.
  4239 | D:4      | Found a large runed translucent door.
  4239 | D:4      | Found a large runed translucent door.
  4245 | D:4      | Noticed bdfhjk's ghost (amateur DECj)
  4552 | D:5      | Entered Level 5 of the Dungeon
  4701 | D:5      | Found a staircase to the Ecumenical Temple.
  4711 | D:5      | Reached skill level 8 in Poison Magic
  4720 | D:5      | Reached XP level 8. HP: 54/54 MP: 2/14
  4754 | Temple   | Entered the Ecumenical Temple
  4779 | Temple   | Became a worshipper of Gozag Ym Sagoz the Greedy
  5012 | D:5      | Reached skill level 5 in Fighting
  5012 | D:5      | Reached skill level 5 in Spellcasting
  5012 | D:5      | Reached skill level 9 in Poison Magic
  5642 | D:6      | Reached skill level 10 in Poison Magic
  5642 | D:6      | Reached XP level 9. HP: 57/61 MP: 4/17
  5775 | D:6      | Noticed Sigmund
  5784 | D:6      | Killed Sigmund
  6020 | D:6      | Found Oluge's Book Emporium.
  6158 | D:6      | Found Dasof's General Store.
  6169 | D:6      | Bought a potion of curing for 30 gold pieces
  6169 | D:6      | Bought a potion of enlightenment for 50 gold pieces
  6169 | D:6      | Bought a potion of heal wounds for 50 gold pieces
  6637 | D:7      | Reached skill level 11 in Poison Magic
  6759 | D:7      | Noticed Prince Ribbit
  6773 | D:7      | Killed Prince Ribbit
  7366 | D:7      | Noticed a two-headed ogre
  7374 | D:7      | Killed a two-headed ogre
  7375 | D:7      | Reached skill level 12 in Poison Magic
  7375 | D:7      | Reached XP level 10. HP: 44/69 MP: 11/20
  7390 | D:7      | Noticed a cyan ugly thing
  7476 | D:7      | Noticed an unseen horror
  7486 | D:7      | Killed an unseen horror
  7486 | D:7      | Noticed a manticore
  7497 | D:7      | Killed a manticore
  7725 | D:7      | Killed a cyan ugly thing
  8007 | D:7      | Found Xolibleu's General Store.
  8012 | D:7      | Bought a potion of attraction for 45 gold pieces
  8012 | D:7      | Bought a scroll of immolation for 60 gold pieces
  8028 | D:7      | Noticed a cyclops
  8033 | D:7      | Reached skill level 13 in Poison Magic
  8075 | D:7      | Killed a cyclops
  8284 | D:7      | Found a runed translucent door.
  8285 | D:7      | Noticed Crazy Yiuf
  8291 | D:7      | Killed Crazy Yiuf
  8576 | D:8      | Noticed Joseph
  8597 | D:8      | Killed Joseph
  8731 | D:8      | Identified the +0 ring mail of Mysticism {rF+}
  8803 | D:8      | Noticed Grum
  8819 | D:8      | Killed Grum
  9133 | D:8      | Reached XP level 11. HP: 48/64 MP: 22/22
  9325 | D:8      | Found a staircase to the Lair.
  9333 | D:8      | Noticed Maurice
  9344 | D:8      | Killed Maurice
  9345 | D:8      | Reached skill level 14 in Poison Magic
  9449 | D:8      | Found a stormy altar of Qazlal.
 10314 | D:9      | Reached skill level 5 in Stealth
 10380 | D:9      | Found Jueheloga's Distillery.
 10384 | D:9      | Bought 2 potions of degeneration for 28 gold pieces
 10384 | D:9      | Bought a potion of might for 56 gold pieces
 10384 | D:9      | Bought a potion of invisibility for 112 gold pieces
 10384 | D:9      | Bought a potion of lignification for 42 gold pieces
 10673 | D:10     | Entered Level 10 of the Dungeon
 10850 | D:10     | Noticed a two-headed ogre
 10862 | D:10     | Killed a two-headed ogre
 11025 | D:10     | Noticed a two-headed ogre
 11050 | D:10     | Noticed a two-headed ogre
 11078 | D:10     | Killed a two-headed ogre
 11094 | D:10     | Killed a two-headed ogre
 11095 | D:10     | Reached skill level 15 in Poison Magic
 11471 | D:11     | Found a gate leading to a gauntlet.
 11480 | Gauntlet | Entered a Gauntlet
 11480 | Gauntlet | Found a transporter.
 11573 | Gauntlet | Found a large runed translucent door.
 11574 | Gauntlet | Found a large runed translucent door.
 11575 | Gauntlet | Found a large runed translucent door.
 11575 | Gauntlet | Found a large runed translucent door.
 11575 | Gauntlet | Found a runed translucent door.
 11575 | Gauntlet | Found a runed translucent door.
 11576 | Gauntlet | Found a large runed translucent door.
 11577 | Gauntlet | Found a large runed translucent door.
 11578 | Gauntlet | Found a large runed translucent door.
 11578 | Gauntlet | Found a large runed translucent door.
 11579 | Gauntlet | Found a runed translucent gate.
 11579 | Gauntlet | Found a runed translucent gate.
 11579 | Gauntlet | Found a runed translucent gate.
 11580 | Gauntlet | Noticed a large abomination
 11581 | Gauntlet | Found a transporter.
 11590 | Gauntlet | Found a large runed translucent door.
 11590 | Gauntlet | Found a large runed translucent door.
 11591 | Gauntlet | Found a large runed translucent door.
 11592 | Gauntlet | Found a large runed translucent door.
 11596 | Gauntlet | Found a transporter.
 11601 | Gauntlet | Found a transporter.
 11607 | Gauntlet | Noticed a wizard
 11618 | Gauntlet | Found a transporter.
 11632 | Gauntlet | Noticed a wizard
 11636 | Gauntlet | Found a transporter.
 11648 | Gauntlet | Found a transporter.
 11648 | Gauntlet | Noticed an orange crystal statue
 11658 | Gauntlet | Noticed a thrashing horror
 11660 | Gauntlet | Found a transporter.
 11667 | Gauntlet | Noticed a thrashing horror
 11672 | Gauntlet | Found a transporter.
 11680 | Gauntlet | Noticed a ghost crab
 11681 | Gauntlet | Noticed a death drake
 11684 | Gauntlet | Found a transporter.
 11701 | Gauntlet | Found a transporter.
 11719 | Gauntlet | Found a transporter.
 11721 | Gauntlet | Found a transporter.
 11723 | Gauntlet | Noticed a fire crab
 11741 | Gauntlet | Noticed a death scarab
 11746 | Gauntlet | Found a transporter.
 11748 | Gauntlet | Found a transporter.
 11750 | Gauntlet | Found a transporter.
 11775 | Gauntlet | Found a large runed translucent door.
 11775 | Gauntlet | Found a large runed translucent door.
 11775 | Gauntlet | Found a large runed translucent door.
 11775 | Gauntlet | Found a large runed translucent door.
 11782 | Gauntlet | Killed a death scarab
 11783 | Gauntlet | Reached XP level 12. HP: 85/85 MP: 24/24
 11786 | Gauntlet | Found a transporter.
 11900 | Gauntlet | Found a transporter.
 12044 | Gauntlet | HP: 4/82 [spectral harpy (4)]
 12045 | Gauntlet | Reached skill level 5 in Dodging
 12445 | Gauntlet | Identified the +5 flail of an ice cave {flame, Drain rPois
                  | Int+2}
 12445 | Gauntlet | Noticed a minotaur
 12469 | Gauntlet | Reached XP level 13. HP: 85/85 MP: 18/26
 12479 | Gauntlet | Killed a minotaur
 12480 | Gauntlet | Reached skill level 10 in Stealth
 13034 | D:11     | Reached skill level 1 in Shapeshifting
 13740 | D:12     | Reached skill level 10 in Spellcasting
 13751 | D:12     | Found a staircase to the Orcish Mines.
 15584 | Lair:1   | Entered Level 1 of the Lair of Beasts
 15602 | Lair:1   | Reached skill level 10 in Fighting
 15602 | Lair:1   | Reached skill level 1 in Shields
 16095 | Lair:1   | Reached XP level 14. HP: 95/99 MP: 5/28
 16288 | Lair:1   | Bought the ring "Zeepp" {rC+ Dex+3} for 612 gold pieces
 16332 | Lair:1   | Reached skill level 5 in Shapeshifting
 16371 | Lair:1   | Noticed Urug
 16392 | Lair:1   | Killed Urug
 17784 | Lair:2   | Reached skill level 5 in Shields
 18106 | Lair:2   | Found a staircase to the Snake Pit.
 18778 | Lair:2   | Found a staircase to the Swamp.
 19005 | Lair:3   | Noticed Nergalle
 19622 | Lair:3   | Killed Nergalle
 21209 | Lair:4   | Found a viscous altar of Jiyva.
 21210 | Lair:4   | Found a staircase to the Slime Pits.
 21332 | Lair:5   | Entered Level 5 of the Lair of Beasts
 21332 | Lair:5   | Found a transporter.
 21333 | Lair:5   | Found a transporter.
 21333 | Lair:5   | Noticed Morbidden's ghost (journeyman VSSh)
 21874 | Lair:5   | Reached XP level 15. HP: 65/103 MP: 13/29
 22312 | Lair:5   | Reached skill level 10 in Shapeshifting
 23203 | Lair:5   | Identified the amulet "Nikk" {-Tele rC+ Regen+ Int-4 Dex+5}
 23315 | Lair:5   | Killed Morbidden's ghost
 23338 | Lair:5   | Identified the +2 robe of Zitef {+Blink Str+3}
 23644 | Orc:1    | Entered Level 1 of the Orcish Mines
 24081 | Orc:2    | Entered Level 2 of the Orcish Mines
 24083 | Orc:2    | Found a staircase to the Elven Halls.
 24475 | Orc:2    | Found Naun's Assorted Antiques.
 24475 | Orc:2    | Found Aroi's Antique Weapon Shop.
 24521 | Orc:2    | Found Ilyoh's Weapon Boutique.
 24647 | Orc:2    | Found Nublupet's Magic Scroll Emporium.
 24672 | Orc:2    | Bought a pitted broad axe for 243 gold pieces
 24672 | Orc:2    | Identified the +6 broad axe of the Traitor {drain, Fragile
                  | rPois Stlth+} (You bought it in a shop on level 2 of the
                  | Orcish Mines)
 24679 | Orc:2    | Bought a scroll of fog for 48 gold pieces
 24679 | Orc:2    | Bought a scroll of fear for 48 gold pieces
 24679 | Orc:2    | Bought a scroll of enchant weapon for 90 gold pieces
 24679 | Orc:2    | Bought a scroll of fear for 48 gold pieces
 24911 | Elf:1    | Entered Level 1 of the Elven Halls
 24996 | Elf:1    | Reached skill level 1 in Axes
 25010 | Elf:1    | You are sucked into a shaft and drop 1 floor!
 25019 | Elf:2    | Found a runed translucent gate.
 25019 | Elf:2    | Found a runed translucent gate.
 25100 | Elf:2    | Found a runed translucent gate.
 25125 | Elf:2    | Paralysed by an air elemental for 1 turns
 25129 | Elf:2    | Paralysed by an air elemental for 1 turns
 25134 | Elf:2    | Paralysed by an air elemental for 1 turns
 25137 | Elf:2    | Paralysed by an air elemental for 1 turns
 25205 | Elf:2    | Learned a level 2 spell: Wereblood
 25342 | Elf:2    | Noticed a deep elf elementalist
 25345 | Elf:2    | Reached XP level 16. HP: 71/109 MP: 20/30
 25368 | Elf:2    | Reached XP level 17. HP: 82/115 MP: 16/31
 25587 | Elf:2    | Paralysed by an air elemental for 1 turns
 25595 | Elf:2    | Paralysed by an air elemental for 1 turns
 25662 | Elf:2    | Paralysed by an air elemental for 1 turns
 25880 | Elf:1    | Noticed Jorgrun
 25892 | Elf:1    | Killed Jorgrun
 26108 | Elf:1    | Found Cibrueme's Antique Armour Emporium.
 26110 | Elf:1    | Found Goecwato's Book Shoppe.
 26157 | Elf:1    | Found Yroheezy's Assorted Antiques.
 26544 | Elf:1    | Noticed a deep elf blademaster
 26550 | Elf:1    | Found a transporter.
 26557 | Elf:1    | Found a transporter.
 26563 | Elf:1    | Found a bloodstained altar of Trog.
 26624 | Elf:1    | Noticed a deep elf blademaster
 26635 | Elf:1    | Noticed a deep elf blademaster
 26635 | Elf:1    | Noticed a deep elf blademaster
 26638 | Elf:1    | Noticed tensugalgo's ghost (adept OgSh)
 26774 | Elf:1    | Identified the ring of Secrets {rC- EV+5 Int+6 Slay+2}
 26786 | Elf:1    | Noticed Norris
 27015 | Elf:1    | Killed Norris
 27016 | Elf:1    | Reached skill level 10 in Shields
 27181 | Elf:1    | Identified the +4 morningstar "Spiderbane" {freeze, *Rage
                  | rC+ rN+ Will+}
 27547 | Elf:2    | Slain by a +2 long sword of holy wrath

Illustrated notes

Levels and vault maps discovered:
D:1:      dpeg_arrival_more_subterranean_lakeside_camping, layout_loops_corners,
          ebering_ecumenical_altar_abandoned
D:2:      layout_rooms, kennysheep_generic_room_12
D:3:      layout_basic, cheibrodos_sewer_entry_sluice,
          wander_ebering_terrifying_dragon_lair
D:4:      layout_gridville, serial_shops, shop, ebering_ghost_disaster_area
D:5:      layout_rooms, minmay_temple_entry_mini_moons, dreamdust_wishing_well,
          chequers_serial_rivers_large_a
D:6:      layout_gridville, serial_shops, nicolae_shop_peninsula, shop,
          serial_demonic, serial_demonic_b, serial_demonic_f, serial_demonic_d,
          serial_demonic_a, uniq_sigmund
D:7:      minmay_slanted_spiral_squares, layout_basic, serial_shops, shop,
          uniq_crazy_yiuf_cottage, uniq_prince_ribbit1
D:8:      layout_rooms, nicolae_qazlal_eye_of_the_storm, dpeg_oklobed_lair,
          serial_aquarium, aquarium_bridge_long_joined
          [aquarium_subvault_window, aquarium_subvault_bridge,
          aquarium_subvault_wall, aquarium_subvault_window,
          aquarium_subvault_bridge, aquarium_subvault_window],
          aquarium_bridge_square [aquarium_subvault_window,
          aquarium_subvault_bridge, aquarium_subvault_balcony,
          aquarium_subvault_window], aquarium_window_2, aquarium_window_1,
          aquarium_view_2b, aquarium_balcony_3b, chequers_serial_rivers_room_b,
          uniq_maurice, uniq_grum, uniq_joseph
D:9:      layout_basic, serial_shops, nicolae_shop_back_alley_shop
D:10:     layout_rooms, minivault_25
D:11:     layout_basic, gauntlet_entry_generic
D:12:     layout_gridville, zombieorc2_lemuel, st_stairs_8
Temple:   minmay_crystal_snake_temple
Lair:1:   layout_hall_layers, grunt_megastairs_1, infiniplex_staircase_pool_2,
          uniq_urug
Lair:2:   layout_regular_city, minmay_swamp_entry_worms,
          nicolae_snake_entry_squirm, cheibrodos_lair_caveside_slide,
          lemuel_fruit_tree
Lair:3:   layout_gridlike, uniq_nergalle
Lair:4:   layout_loops_ring, dpeg_slime_entry_corner
Lair:5:   hangedman_lair_caniforms_friends, layout_hall_layers,
          gammafunk_ghost_arena, minmay_stone_trees_small, serial_bayou_pond_a,
          hibernation_bobbens
Orc:1:    layout_diamond_mine
Orc:2:    st_orc_rangers, layout_diamond_mine, basic_altar
Elf:1:    layout_geoelf_grid, gammafunk_ghost_wrathful_warriors, serial_shops,
          nicolae_book_shop_shelving, nicolae_shop_tiny_glass, shop,
          kennysheep_underground_church, grunt_megastairs_3, uniq_norris,
          uniq_jorgrun
Elf:2:    elven_hall_of_blades_hangedman_original [grunt_blade_entry_basic],
          layout_geoelf_octagon

Skill      XL: |  1  2  3  4  5  6  7  8  9 10 11 12 13 14 15 16 17 |
---------------+----------------------------------------------------+-----
Fighting       | 1 2 3 4 5 6 8 9 10 | 10.8
Poison Magic   | 4 5 6 8 10 12 13 15 | 15.7
Spellcasting   | 3 4 5 6 7 8 9 10 | 10.8
Stealth        | 3 6 9 10 | 10.9
Dodging        | 4 7 8 |  8.4
Shapeshifting  | 4 9 12 | 12.6
Shields        | 2 7 9 10 | 10.0
Axes           | 2 6 8 |  8.1
Transmutations | 3 |  3.7

Action                     |  1- 3 |  4- 6 |  7- 9 | 10-12 | 13-15 | 16-18 || total
---------------------------+-------+-------+-------+-------+-------+-------++-------
  Melee: Unarmed           |     7 |       |       |       |       |       ||     7
         Dagger            |    56 |     8 |       |       |       |       ||    64
         Constrict         |    17 |    28 |    30 |    21 |    88 |    24 ||   208
         Tentacles         |    14 |    14 |    40 |    33 |   200 |    48 ||   349
         Short sword       |       |    83 |   157 |    12 |       |       ||   252
         Punch             |       |     1 |     4 |     6 |    13 |     7 ||    31
         Morningstar       |       |       |       |   123 |   606 |       ||   729
         Broad axe         |       |       |       |       |       |   120 ||   120
  Throw: Dart              |       |       |     1 |     1 |     2 |       ||     4
         Javelin           |       |       |       |       |     6 |       ||     6
   Cast: Sting             |    34 |    76 |    24 |    19 |     5 |       ||   158
         Olgreb's Toxic Ra |       |     4 |    44 |    64 |   216 |    40 ||   368
 Invoke: Call Merchant     |       |       |       |       |     2 |     3 ||     5
  Evoke: Wand              |       |       |     1 |    31 |    18 |       ||    50
         Phantom mirror    |       |       |       |       |     1 |       ||     1
    Use: Scroll            |       |       |       |    14 |    10 |     2 ||    26
         Potion            |       |       |       |    14 |     5 |     2 ||    21
   Stab: Sleeping          |     5 |     6 |    11 |     1 |    10 |     3 ||    36
         Distracted        |       |     1 |       |     1 |     8 |     1 ||    11
         Invisible         |       |       |       |       |     6 |       ||     6
 Armour: Skin              |     6 |    26 |    51 |    73 |   229 |   158 ||   543
  Dodge: Dodged            |    47 |    86 |    66 |   168 |   795 |   203 ||  1365
  Block: Other             |       |       |    13 |    47 |    43 |       ||   103
         Reflection        |       |       |     4 |     5 |    45 |    12 ||    66
         Kite shield       |       |       |       |       |   772 |   182 ||   954
   Form: Statue            |       |       |       |       |     1 |       ||     1

Table legend: (Time is in decaauts)
 A = Elapsed time spent in this place.
 B = Non-inter-level travel time spent in this place.
 C = Inter-level travel time spent in this place.
 D = Time resting spent in this place.
 E = Time spent auto-exploring this place.
 F = Levels seen in this place.
 G = Mean time per level.
                   A        B        C        D        E       F      G
               +--------+--------+--------+--------+--------+-----+--------+
         Total |  30210 |  29025 |   1185 |   1311 |  21277 |  24 | 1258.8 |
       Dungeon |  14144 |  13609 |    535 |    355 |  10452 |  12 | 1178.7 |
        Temple |     50 |      2 |     48 |      0 |      0 |   1 |   50.0 |
          Lair |   8386 |   8035 |    351 |    338 |   5977 |   5 | 1677.2 |
  Orcish Mines |   1960 |   1866 |     94 |      0 |   1447 |   2 |  980.0 |
   Elven Halls |   4060 |   3904 |    156 |    238 |   2686 |   2 | 2030.0 |
         Sewer |    605 |    605 |      0 |     36 |    383 |   1 |  605.0 |
      Gauntlet |   1001 |   1001 |      0 |    343 |    331 |   1 | 1001.0 |
               +--------+--------+--------+--------+--------+-----+--------+

Top non-repeatable levels by time:
   Elf:1: 2570 daAuts
  Lair:5: 2347 daAuts
     D:7: 2015 daAuts
    D:12: 2007 daAuts
  Lair:2: 1805 daAuts
  Lair:1: 1790 daAuts
   Elf:2: 1489 daAuts
  Lair:3: 1291 daAuts
   Orc:2: 1285 daAuts
     D:9: 1253 daAuts
    D:11: 1216 daAuts
  Lair:4: 1152 daAuts
     D:1: 1147 daAuts
     D:3: 1121 daAuts
     D:8: 1084 daAuts
